Map: Eternal Empire LE

Players

antagomiR - Winner!

  • Race: Protoss Protoss
  • League: Gold
  • Spawn Location: 1:00

Villoria

  • Race: Terran Terran
  • Spawn Location: 7:00

VOD

Have the link to the VOD?

Description

Time

  • Played on: April 1, 2020, 7:06 p.m.
  • Length: 13:35
Show
View Real Time Build Order
Export as new Build Order

antagomiR Protoss - Winner!

Build Orders: Chargelot Immortal 

Get SALT Encoding   

  12  0:01  Probe  
  13  0:13  Probe  
  14  0:17  Pylon  
  14  0:25  Probe  
  15  0:36  Gateway  
  15  0:39  Probe (Chrono Boost)  
  16  0:49  Probe (Chrono Boost)  
  17  0:51  Assimilator  
  17  0:54  Probe (Chrono Boost)  
  18  1:06  Probe  
  18  1:09  Assimilator  
  19  1:18  Probe  
  20  1:27  Cybernetics Core  
  20  1:30  Probe  
  21  1:42  Probe  
  22  1:48  Pylon  
  22  1:54  Probe  
  23  2:05  Warp Gate (Chrono Boost)  
  23  2:06  Probe, Zealot  
  26  2:20  Gateway  
  26  2:22  Gateway  
  26  2:31  Probe  
  26  2:33  Stalker  
  29  2:43  Probe  
  30  2:55  Probe  
  30  2:57  Pylon  
  31  3:15  Stalker  
  31  3:16  Stalker  
  31  3:19  Sentry  
  37  3:28  Pylon  
  37  3:33  Robotics Facility  
  37  3:52  Probe  
  38  3:55  Stalker  
  38  3:56  Stalker  
  42  4:04  Probe  
  43  4:12  Nexus  
  43  4:13  Pylon  
  43  4:18  Probe  
  43  4:20  Observer  
  45  4:30  Probe, Pylon  
  46  4:33  Pylon  
  46  4:35  Zealot x2  
  46  4:36  Sentry  
  52  4:42  Shield Battery  
  52  4:49  Probe  
  53  4:56  Immortal  
  57  5:01  Probe  
  57  5:04  Pylon  
  58  5:13  Probe, Twilight Council  
  59  5:25  Probe  
  61  5:28  Probe  
  61  5:29  Forge  
  61  5:32  Assimilator  
  62  5:35  Observer  
  62  5:37  Probe  
  62  5:40  Probe  
  64  5:49  Zealot x2  
  69  5:50  Probe  
  69  5:52  Probe  
  69  5:55  Templar Archives  
  69  5:56  Charge (Chrono Boost)  
  70  6:02  Probe  
  71  6:08  Immortal (Chrono Boost)  
  75  6:27  Probe x2  
  75  6:28  Assimilator  
  77  6:43  Immortal  
  77  6:46  Zealot  
  83  6:48  Zealot x2  
  83  6:53  Protoss Ground Weapons Level 1  
  87  7:03  Photon Cannon  
  87  7:06  Photon Cannon  
  87  7:09  Photon Cannon  
  87  7:11  Zealot  
  87  7:12  Zealot x2  
  93  7:33  Nexus  
  93  7:39  Pylon  
  93  7:41  Pylon  
  93  7:52  Pylon  
  93  7:55  Pylon  
  93  7:57  Gateway, Immortal  
  97  8:02  Shield Battery  
  97  8:12  Stalker  
  97  8:13  Stalker  
  101  8:38  Stalker x3  
  107  8:42  Probe x2  
  109  8:49  Gateway  
  109  8:52  Pylon  
  109  8:54  Probe x2  
  111  9:08  Probe x2  
  113  9:13  Photon Cannon  
  113  9:15  Photon Cannon  
  113  9:18  Assimilator  
  113  9:19  High Templar  
  113  9:20  Probe, High Templar x3  
  113  9:21  Probe  
  113  9:23  Assimilator  
  123  9:27  Gateway  
  123  9:32  Gateway  
  123  9:35  Immortal  
  123  9:36  Protoss Ground Weapons Level 2 (Chrono Boost)  
  127  10:05  Archon x2  
  127  10:10  High Templar x2  
  127  10:11  High Templar x2  
  135  10:14  Archon  
  135  10:15  Archon, Observer  
  135  10:16  Zealot  
  138  10:29  Nexus  
  138  10:32  Pylon  
  138  10:35  Pylon  
  138  10:36  Immortal  
  138  10:39  Pylon  
  142  10:50  High Templar x4  
  150  11:09  Probe x2  
  152  11:15  Observer  
  152  11:18  Archon  
  153  11:19  Archon  
  153  11:20  Zealot x3  
  153  11:21  Probe  
  160  11:36  Immortal  
  164  11:40  Shield Battery  
  164  11:41  Photon Cannon  
  164  11:44  Photon Cannon  
  164  11:47  Photon Cannon  
  164  11:51  Probe x3  
  165  12:03  Probe x4  
  169  12:15  Probe x2, Zealot x3  
  173  12:16  Zealot x3  
  183  12:37  Stalker x2  
  182  12:53  Assimilator  
  182  12:57  Assimilator  
  182  13:02  Photon Cannon  
  182  13:06  Pylon  
  182  13:08  Pylon  
Show
View Real Time Build Order
Export as new Build Order

Villoria Terran 

Build Orders:  

Get SALT Encoding   

  12  0:05  SCV  
  13  0:19  SCV  
  14  0:21  Supply Depot  
  14  0:31  SCV  
  15  0:36  Refinery  
  15  0:43  SCV  
  15  0:49  Barracks  
  16  1:12  SCV  
  16  1:15  Barracks  
  17  1:39  Supply Depot  
  17  1:45  Orbital Command  
  17  1:54  Marine  
  18  2:03  Marine  
  19  2:12  Marine  
  19  2:14  SCV  
  21  2:20  Marine  
  22  2:26  SCV  
  22  2:27  Supply Depot  
  23  2:30  Marine  
  24  2:38  Marine  
  24  2:41  Refinery  
  25  2:47  Marine  
  26  2:56  Command Center  
  26  3:05  Marine  
  26  3:06  Factory  
  26  3:10  Barracks Tech Lab  
  26  3:23  Marine  
  27  3:28  SCV  
  28  3:37  Marauder  
  28  3:40  SCV  
  31  3:52  SCV  
  31  3:54  Factory Tech Lab  
  32  3:58  Marauder  
  32  3:59  Marine  
  35  4:04  SCV  
  36  4:14  Supply Depot  
  36  4:17  Marine  
  37  4:29  SCV, Starport  
  38  4:38  SCV  
  39  4:41  SCV  
  40  4:48  Siege Tank  
  40  4:50  SCV  
  44  4:53  Marine  
  44  4:59  Marauder  
  47  5:02  SCV  
  48  5:11  Orbital Command  
  48  5:16  SCV  
  49  5:28  SCV  
  50  5:34  Reaper  
  51  5:39  Marauder  
  51  5:40  SCV  
  51  5:42  SCV  
  55  5:47  Medivac  
  57  5:50  Siege Tank  
  57  5:54  SCV  
  61  6:00  Supply Depot  
  61  6:03  Supply Depot  
  61  6:06  Reaper  
  62  6:13  Supply Depot  
  62  6:22  SCV x2, Medivac  
  66  6:27  Supply Depot  
  66  6:30  Siege Tank  
  69  6:34  SCV x2  
  69  6:36  Supply Depot  
  69  6:37  Marauder  
  69  6:38  Reaper  
  74  6:46  SCV x2  
  76  6:50  Supply Depot  
  76  6:52  Medivac  
  78  6:56  Factory  
  78  6:58  SCV x2  
  78  6:59  Marauder  
  82  7:04  Supply Depot  
  82  7:10  Marine, SCV  
  82  7:14  Supply Depot  
  84  7:20  Marauder  
  86  7:27  Marine  
  86  7:29  Refinery  
  87  7:31  SCV  
  87  7:32  Refinery  
  85  7:38  Command Center  
  85  7:43  SCV  
  86  7:45  Marine  
  87  7:55  SCV  
  88  8:03  Marine  
  89  8:07  SCV  
  89  8:08  Siege Tank  
  94  8:14  Marauder  
  94  8:17  Starport Tech Lab  
  96  8:20  SCV  
  96  8:21  Marine  
  97  8:36  Marauder  
  97  8:39  Marine  
  97  8:40  Siege Tank  
  103  8:44  Command Center  
  103  8:55  SCV  
  104  8:57  Marine, Marauder  
  97  9:07  SCV  
  98  9:12  Siege Tank  
  98  9:14  Marine  
  102  9:18  Marauder  
  102  9:19  SCV  
  102  9:20  Fusion Core  
  105  9:27  Armory  
  105  9:31  SCV  
  105  9:32  Supply Depot  
  105  9:33  SCV  
  105  9:34  SCV, Supply Depot  
  108  9:40  Marauder  
  108  9:43  SCV  
  108  9:44  Siege Tank  
  108  9:45  SCV  
  115  9:55  SCV  
  116  10:08  SCV  
  117  10:20  SCV  
  118  10:34  Orbital Command  
  118  10:44  Refinery  
  118  10:47  Refinery  
  120  11:02  Factory Tech Lab  
  118  11:04  Battlecruiser  
  118  11:10  Starport  
  124  11:17  Starport  
  123  11:27  Starport  
  121  11:53  SCV  
  121  12:05  SCV  
  122  12:08  Orbital Command  
  122  12:09  Battlecruiser  
  128  12:17  SCV  
  129  12:29  SCV  
  130  12:41  SCV  
Tags
 
League
Gold
Matchup
PvT
Replay Pack
20200422
Spawn Locations
Cross Positions
Add a new tag
Caveats
  • Supply blocks, unpowered buildings, or Contaminate may cause inaccurate times.
  • Supply counts are checked every 10 seconds.